 Seeded DCSS version 0.30-a0-58-gc0703345a7 (webtiles) character file.

Game seed: 17246712331252751712 (custom seed)

6863 wilfster70 the Spear-Bearer (level 11, -15/90 HPs)
             Began as a Formicid Fighter on Sept 11, 2022.
             Was an Initiate of Gozag.
             Demolished by a two-headed ogre
             ... wielding a +0 giant club
              (22 damage)
             ... on level 10 of the Dungeon.
             The game lasted 00:23:28 (13327 turns).

wilfster70 the Spear-Bearer (Formicid Fighter)     Turns: 13327, Time: 00:23:29

Health: -15/90     AC: 12    Str: 26    XL:     11   Next: 26%
Magic:  17/20      EV:  6    Int: 18    God:    Gozag
Gold:   1073       SH: 13    Dex: 13    Spells: 10/10 levels left

rFire   . . .      SeeInvis +    a - +0 trident
rCold   . . .      Faith    .    w - +1 kite shield of Greater Demons {Str+4 Int+7}
rNeg    . . .      Spirit   .    y - +0 plate armour
rPois   .          Reflect  .    (helmet unavailable)
rElec   .          Harm     .    (no cloak)
rCorr   .          Rampage  .    e - +0 pair of gloves {infuse}
Will    +....                    (no boots)
Stlth   ..........               E - amulet of the acrobat
HPRegen 0.25/turn                G - ring of magical power
MPRegen 0.17/turn                (no ring)

@: studying Translocations
A: permanent stasis, dig shafts and tunnels, antennae 3, four strong arms
a: Dig, Shaft Self, Renounce Religion, Potion Petition, Call Merchant, Bribe
Branch


You were on level 10 of the Dungeon.
You worshipped Gozag.
Gozag was most pleased with you.
You visited 1 branch of the dungeon, and saw 10 of its levels.
You also visited: Sewer.

You collected 1708 gold pieces.
You spent 78 gold pieces at shops.
You paid 557 gold pieces to Gozag.

Inventory:

Hand Weapons
 a - a +0 trident (weapon)
 b - a +0 sling of flaming
Missiles
 C - 23 poisoned darts
Armour
 e - a +0 pair of gloves of infusion (worn)
 w - the +1 kite shield of Greater Demons (worn) {Str+4 Int+7}
   (You acquired it in a sewer)

   Str:       It affects your strength (+4).
   Int:       It affects your intelligence (+7).
 y - a +0 plate armour (worn)
Jewellery
 k - a ring of ice
 E - an amulet of the acrobat (around neck)
 G - a ring of magical power (left hand)
 H - a ring of fire
 M - a ring of ice
Wands
 A - a wand of paralysis (6)
 F - a wand of mindburst (3)
Scrolls
 c - 4 scrolls of magic mapping {unknown}
 f - 2 scrolls of blinking {unknown}
 g - 8 scrolls of teleportation {unknown}
 h - 5 scrolls of fog {unknown}
 i - 3 scrolls of enchant weapon {unknown}
 n - 2 scrolls of poison {unknown}
 o - 2 scrolls of amnesia {unknown}
 p - 2 scrolls of enchant armour {unknown}
 s - 2 scrolls of fear {unknown}
 t - a scroll of noise {unknown}
 v - 3 scrolls of summoning {unknown}
 D - a scroll of silence {unknown}
 I - a scroll of vulnerability {unknown}
Potions
 d - 2 potions of might
 j - 8 potions of curing
 l - 3 potions of lignification
 m - a potion of cancellation
 q - a potion of magic
 u - a potion of resistance
 x - 3 potions of invisibility
 z - a potion of heal wounds
 B - 2 potions of mutation
 J - 3 potions of flight
 K - a potion of brilliance


   Skills:
 + Level 9.7 Fighting
 * Level 11.8 Polearms
 - Level 3.9 Armour
 + Level 11.4 Shields


You had 10 spell levels left.
You didn't know any spells.
Your spell library contained the following spells:

 Spells                   Type           Power      Damage    Failure   Level
 Beastly Appendage        Tmut           0%         N/A       99%         1
 Foxfire                  Conj/Fire      0%         2x1d4     99%         1
 Sandblast                Erth           0%         2d4       99%         1
 Passwall                 Tmut/Erth      0%         N/A       100%        2
 Wereblood                Tmut           0%         N/A       100%        2
 Conjure Flame            Conj/Fire      0%         6-21      100%        3
 Inner Flame              Hex/Fire       0%         N/A       100%        3
 Lesser Beckoning         Tloc           0%         N/A       100%        3
 Spider Form              Tmut/Pois      0%         N/A       100%        3
 Stone Arrow              Conj/Erth      0%         3d7       100%        3
 Flame Wave               Conj/Fire      0%         2d4       100%        4
 Manifold Assault         Tloc           0%         N/A       100%        5
 Blink                    Tloc           Unusable   N/A       N/A         2

Dungeon Overview and Level Annotations

Branches:
Dungeon (10/15)            Temple (0/1) D:7           Sewer (visited)
   Lair: D:8-11         Orc: D:9-12

Altars:
Ashenzari
Dithmenos
Elyvilon
Gozag
Hepliaklqana
Kikubaaqudgha
Makhleb
Nemelex Xobeh
Ru
Sif Muna
Trog
Wu Jian
The Shining One

Shops:
D:9 *

Annotations:
D:3 1 exclusion


Innate Abilities, Weirdness & Mutations

You cannot be hasted, slowed, berserked, paralysed or teleported.
You can dig through walls and to a lower floor.
You have a pair of large antennae on your head. (SInv)
Your four strong arms can wield two-handed weapons with a shield.


Message History

A two-headed ogre is nearby!
You reach to attack!
You hit the two-headed ogre.
The two-headed ogre is lightly wounded.
You barely miss the two-headed ogre.
The two-headed ogre is lightly wounded.
You block the two-headed ogre's attack.
The two-headed ogre hits you with a +0 giant spiked club!
You hit the two-headed ogre.
The two-headed ogre is lightly wounded.
You puncture the two-headed ogre!
The two-headed ogre is moderately wounded.
The two-headed ogre hits you with a +0 giant club!!
You block the two-headed ogre's attack.
You hit the two-headed ogre.
The two-headed ogre is heavily wounded.
You block the two-headed ogre's attack.
The two-headed ogre hits you with a +0 giant spiked club!!
You barely miss the two-headed ogre.
The two-headed ogre is heavily wounded.
You closely miss the two-headed ogre.
The two-headed ogre is heavily wounded.
You block the two-headed ogre's attack.
The two-headed ogre completely misses you.
You completely miss the two-headed ogre.
The two-headed ogre is heavily wounded.
You hit the two-headed ogre.
The two-headed ogre is heavily wounded.
The two-headed ogre hits you with a +0 giant club!!
* * * LOW HITPOINT WARNING * * *
You block the two-headed ogre's attack.
Aiming: Paralyse
Press: ? - help, Shift-Dir - straight line, f/p - two-headed ogre
Aim: a two-headed ogre, wielding a +0 giant club and a +0 giant spiked club (heavily wounded, chance to affect: 31%)
The two-headed ogre easily resists.
The two-headed ogre attacks as you move away!
The two-headed ogre hits you with a +0 giant club.
* * * LOW HITPOINT WARNING * * *
The two-headed ogre hits you with a +0 giant spiked club!!
You die...
Your body crumbles into a pile of gold.

#...###############.........##
#...'..........>..............
#...#.........#.....##..#.....
#...#.........#.#.#.##..#.....
#...#.........#.#.#.##..#.....
#..>#....~~...#.#.#...........
#...#....~....#...####..#.....
#...#.........##...###..#.....
#####........@O.........#....<
#############.......#.....
#..#####.[....
##.......#.#####
#......~≈.......
#.~~..~~≈≈......
#≈~~~~~≈~~~.....
#≈≈≈~≈~~....#...
#≈≈≈~.~.....####


You could see a two-headed ogre.

Vanquished Creatures
  A two-headed ogre (D:10)
  A cyclops (D:9)
  Joseph (D:7)
  2 hornets
  8 yaks
  2 steam dragons
  An acid dragon (D:6)
  4 water moccasins
  An ice beast (D:6)
  3 black bears
  2 orc warriors
  5 kobold brigands
  A phantom (D:6)
  2 necrophages (D:5)
  4 bullfrogs
  A gnoll sergeant (D:8)
  A scorpion (D:5)
  4 wights (D:8)
  8 killer bees (D:9)
  2 howler monkeys
  7 hounds
  2 jellies
  6 orc priests
  A gnoll bouda (D:5)
  4 iguanas
  11 orc wizards
  9 gnolls (D:5)
  12 adders
  6 river rats
  A shadow imp (D:7)
  2 ufetubi
  3 worms
  4 dart slugs
  37 orcs
  6 ball pythons
  4 bats
  6 endoplasms
  8 giant cockroaches
  4 goblins
  4 hobgoblins
  3 quokkas
  A frilled lizard (D:2)
  15 kobolds
  5 rats
215 creatures vanquished.

Vanquished Creatures (others)
  An orc (D:7)
1 creature vanquished.

Grand Total: 216 creatures vanquished

Notes
Turn   | Place    | Note
-------+----------+-------------------------------------------
     0 | D:1      | wilfster70 the Formicid Fighter began the quest for the
                  | Orb.
     0 | D:1      | Reached XP level 1. HP: 18/18 MP: 1/1
    32 | D:1      | Identified a scroll of acquirement
    32 | D:1      | Acquired a manual of Translocations
    71 | D:1      | Reached XP level 2. HP: 20/24 MP: 2/2
    77 | D:1      | Acquired a +0 pair of gloves of infusion
   412 | D:1      | Reached XP level 3. HP: 29/29 MP: 1/3
   786 | D:2      | Found a faded altar of an unknown god.
  1160 | D:3      | Reached XP level 4. HP: 37/37 MP: 0/4
  1214 | D:3      | Found an ornate altar of the Wu Jian Council.
  1607 | D:3      | Reached XP level 5. HP: 42/42 MP: 3/5
  1637 | D:3      | Found an opulent altar of Gozag.
  1646 | D:3      | Found a burning altar of Makhleb.
  1660 | D:3      | Became a worshipper of Gozag Ym Sagoz the Greedy
  1713 | D:3      | Found a glowing drain.
  1744 | D:3      | Reached skill level 5 in Shields
  1754 | Sewer    | Entered a sewer
  1903 | Sewer    | Acquired the +1 kite shield of Greater Demons {Str+4 Int+7}
  2051 | Sewer    | Noticed a kobold brigand
  2056 | Sewer    | Reached XP level 6. HP: 46/48 MP: 3/6
  2355 | Sewer    | Reached skill level 5 in Polearms
  2355 | Sewer    | Reached XP level 7. HP: 44/55 MP: 0/7
  2525 | D:3      | Reached skill level 5 in Fighting
  2840 | D:3      | Found a shimmering blue altar of Sif Muna.
  2918 | D:3      | Found an ancient bone altar of Kikubaaqudgha.
  3228 | D:4      | Found a bloodstained altar of Trog.
  3408 | D:4      | Found a sacrificial altar of Ru.
  3708 | D:5      | Entered Level 5 of the Dungeon
  3734 | D:5      | Reached XP level 8. HP: 49/63 MP: 3/8
  4940 | D:5      | Found a sparkling altar of Nemelex Xobeh.
  5007 | D:5      | Found a shadowy altar of Dithmenos.
  5420 | D:6      | Reached XP level 9. HP: 61/71 MP: 6/9
  7677 | D:7      | Noticed Joseph
  7694 | D:7      | Killed Joseph
  8514 | D:7      | Reached XP level 10. HP: 72/80 MP: 5/10
  8882 | D:7      | Found a staircase to the Ecumenical Temple.
 10155 | D:8      | Reached skill level 10 in Polearms
 10344 | D:8      | Found a broken altar of Ashenzari.
 10496 | D:8      | Found a faded altar of an unknown god.
 10787 | D:8      | Found a hazy altar of Hepliaklqana.
 10899 | D:8      | Reached skill level 10 in Shields
 11150 | D:9      | Found a glowing golden altar of the Shining One.
 11488 | D:9      | HP: 2/82 [poisoned by an orc wizard]
 11968 | D:9      | Bought a bubbling sapphire potion for 24 gold pieces
 11968 | D:9      | Bought a scroll of identify for 54 gold pieces
 11990 | D:9      | Found a white marble altar of Elyvilon.
 12212 | D:10     | Entered Level 10 of the Dungeon
 12217 | D:10     | Noticed a cyclops
 12218 | D:10     | Found the +3 crown of Dyrovepreva {rElec Int+2 SInv}
 12378 | D:9      | Killed a cyclops
 12572 | D:10     | Noticed a two-headed ogre
 12582 | D:10     | Killed a two-headed ogre
 12583 | D:10     | Reached XP level 11. HP: 23/89 MP: 11/11
 13310 | D:10     | Noticed a two-headed ogre
 13327 | D:10     | Demolished by a two-headed ogre

Illustrated notes

Levels and vault maps discovered:
D:1:      evilmike_arrival_plus, layout_rooms
D:2:      minmay_evil_eye, layout_loops_ring, ebering_ecumenical_altar_box
D:3:      layout_basic, palyth_temple_overflow_mages, nzn_wu_jian_contemplation,
          amethyst_overflow_temple_binary, portal_sewer_entry_c
D:4:      layout_basic, trog_book, nicolae_ru_great_annihilating_truth
D:5:      layout_loops_ring, nicolae_dithmenos_the_darkroom,
          overflow_temple_1_default
D:6:      layout_basic
D:7:      layout_loops_ring, minmay_temple_entry_poolview, uniq_joseph
D:8:      layout_loops_ring, mainiacjoe_overflow_cross_hatched,
          beargit_hepliaklqana_dungeon_heroes, grunt_ministairs_7,
          dk_noncrumbling_4
D:9:      layout_roguey, mainiacjoe_overflow_paths,
          nicolae_elyvilon_peaceful_grove
D:10:     layout_basic, nicolae_trove_entry_crossroad, pond, uniq_josephine

Skill      XL: |  1  2  3  4  5  6  7  8  9 10 |
---------------+-------------------------------+-----
Polearms       | 3 4 5 6 7 9 11 | 11.8
Fighting       | 4 5 6 7 9 |  9.7
Shields        | 5 6 7 9 11 | 11.4
Armour         | |  3.9

Action                   |  1- 3 |  4- 6 |  7- 9 | 10-12 || total
-------------------------+-------+-------+-------+-------++-------
Melee: Trident           |    65 |   148 |   378 |   302 ||   893
Invok: Call Merchant     |       |       |       |     1 ||     1
 Abil: Dig               |       |     1 |       |       ||     1
Evoke: Wand              |       |       |       |     1 ||     1
  Use: Scroll            |     2 |     1 |     7 |     4 ||    14
       Potion            |       |     2 |     3 |     3 ||     8
 Stab: Paralysed         |       |       |     2 |       ||     2
       Invisible         |       |       |     1 |       ||     1
       Distracted        |       |       |       |     3 ||     3
Armor: Scale mail        |    28 |    39 |     8 |       ||    75
       Plate armour      |       |       |   114 |    95 ||   209
Dodge: Dodged            |    23 |    29 |    92 |    51 ||   195
Block: Buckler           |    12 |    15 |       |       ||    27
       Kite shield       |       |    38 |   221 |   150 ||   409

Table legend: (Time is in decaauts)
 A = Elapsed time spent in this place.
 B = Non-inter-level travel time spent in this place.
 C = Inter-level travel time spent in this place.
 D = Time resting spent in this place.
 E = Time spent auto-exploring this place.
 F = Levels seen in this place.
 G = Mean time per level.
                   A        B        C        D        E       F      G
               +--------+--------+--------+--------+--------+-----+--------+
         Total |  13443 |  13261 |    182 |   5478 |   3863 |  11 | 1222.1 |
       Dungeon |  12730 |  12548 |    182 |   5293 |   3774 |  10 | 1273.0 |
         Sewer |    713 |    713 |      0 |    185 |     88 |   1 |  713.0 |
               +--------+--------+--------+--------+--------+-----+--------+

Top non-repeatable levels by time:
     D:5: 2199 daAuts
     D:6: 1731 daAuts
     D:7: 1666 daAuts
     D:9: 1494 daAuts
     D:8: 1475 daAuts
     D:3: 1444 daAuts
     D:4: 847 daAuts
    D:10: 794 daAuts
   Sewer: 713 daAuts
     D:2: 559 daAuts
     D:1: 517 daAuts
